 Dungeon Crawl Stone Soup version 0.22.1-2-g9c5b331 (webtiles) character file.

135 Leeroy the Slasher (level 4, 0/36 HPs)
             Began as a Draconian Skald on Dec 31, 2018.
             Slain by an orc (2 damage)
             ... on level 3 of the Dungeon.
             The game lasted 00:05:28 (2186 turns).

Leeroy the Slasher (Draconian Skald)                Turns: 2186, Time: 00:05:28

Health: 0/36       AC:  7    Str: 14    XL:     4   Next: 96%
Magic:  7/7        EV: 12    Int: 14    God:
Gold:   199        SH:  0    Dex: 10    Spells: 3/7 levels left

rFire    . . .     SeeInvis .   s - +4 dagger
rCold    . . .     Gourm    .   (no shield)
rNeg     . . .     Faith    .   (armour unavailable)
rPois    .         Spirit   .   (helmet restricted)
rElec    .         Reflect  .   (no cloak)
rCorr    .         Harm     .   q - +0 pair of gloves
MR       .....                  n - +0 pair of boots
Stlth    +.........             (no amulet)
HPRegen  0.12/turn              (no ring)
MPRegen  0.10/turn              (no ring)

@: about to teleport
A: unfitting armour, cold-blooded, AC +5
a: no special abilities


You were on level 3 of the Dungeon.
You were not hungry.

You visited 1 branch of the dungeon, and saw 3 of its levels.

You collected 199 gold pieces.

Inventory:

Hand Weapons
 a - a +0 falchion
 g - a +1 dagger of venom
 m - a +0 spear
 s - a +4 dagger (weapon)
 y - a +0 blowgun
Missiles
 b - 53 arrows
 f - 45 sling bullets
 h - 53 stones (quivered)
 k - 5 needles of frenzy
 t - 20 poisoned needles
 u - 7 javelins
Armour
 n - a +0 pair of boots (worn)
 q - a +0 pair of gloves (worn)
Jewellery
 e - an uncursed ring of resist corrosion
 z - a +5 ring of dexterity {unknown}
Scrolls
 j - 2 scrolls of remove curse {unknown}
 o - a scroll of enchant weapon
 r - a scroll of random uselessness {unknown}
 w - a scroll of fear {unknown}
 x - a scroll of identify
Potions
 d - 2 potions of agility {unknown}
 p - a potion of haste {unknown}
Comestibles
 c - 7 rations
 v - 5 chunks of flesh


   Skills:
 - Level 2.1 Fighting
 - Level 1.0(3.3) Short Blades
 + Level 5.0(5.1) Long Blades
 - Level 2.1 Dodging
 - Level 2.0 Spellcasting
 - Level 2.6 Charms


You had 3 spell levels left.
You knew the following spells:

 Your Spells              Type           Power        Failure   Level  Hunger
a - Infusion              Chrm           #...         8%          1    ##.....
b - Spectral Weapon       Hex/Chrm       #.......     38%         3    ####...

Your spell library contained the following spells:

 Spells                   Type           Power        Failure   Level  Hunger
 Song of Slaying          Chrm           #.......     12%         2    ###....
 Shroud of Golubria       Chrm/Tloc      #.........   21%         2    ###....
 Regeneration             Chrm/Necr      #.........   38%         3    ####...


Dungeon Overview and Level Annotations

Branches:
Dungeon (3/15)

Altars:
Dithmenos


Innate Abilities, Weirdness & Mutations

Your plain brown scales are hard. (AC +5)
You cannot fit into any form of body armour.
You are cold-blooded and may be slowed by cold attacks.


Message History

The orc priest is heavily wounded.
The bat closely misses you. The orc misses you. The orc hits you.
* * * LOW HITPOINT WARNING * * *
The kobold hits you but does no damage. The orc priest hits you.
* * * LOW HITPOINT WARNING * * *
You barely miss the orc priest.
Your tail-slap misses the orc priest.
The orc priest is heavily wounded.
The bat hits you but does no damage. The orc misses you.
The orc closely misses you. The kobold hits you but does no damage.
The orc priest closely misses you.
Unknown command.
As you read the scroll of teleportation, it crumbles to dust.
You feel strangely unstable. The bat barely misses you.
The orc hits you from afar with a trident.
* * * LOW HITPOINT WARNING * * *
The orc hits you but does no damage. The kobold hits you but does no damage.
The orc priest closely misses you.
Unknown command.
The bat barely misses you. The orc hits you.
You die...

#.# ##.# #..........
#.#####.###.....#...#
#..............##..##
#..............#....#
#................##.^
###......#...........#.
#....#..##...........#.
##........#...........#.
#.....o@#.#.#.##.#......
......##.#.#.#. #........
##......Kob......##.......
#.#...##o....##. ........
.............# ###.####
... #...#.# #..... ..
......# ###### . ###....
###### ..... ##.....


You could see an orc priest, 2 orcs, a bat and a kobold.

Vanquished Creatures
  Terence (D:2)
  2 adders
  3 gnolls (D:3)
  An ooze (D:3)
  A worm (D:2)
  A dart slug (D:1)
  A leopard gecko (D:2)
  3 giant cockroaches
  4 hobgoblins
  8 kobolds
  2 quokkas
  8 bats
  5 frilled lizards
  9 goblins
  10 rats
59 creatures vanquished.

Notes
Turn   | Place    | Note
-------+----------+-------------------------------------------
     0 | D:1      | Leeroy the Draconian Skald began the quest for the Orb.
     0 | D:1      | Reached XP level 1. HP: 17/17 MP: 3/3
   555 | D:1      | Reached XP level 2. HP: 24/24 MP: 5/5
   707 | D:1      | Reached skill level 1 in Short Blades
   741 | D:1      | Reached skill level 3 in Long Blades
  1229 | D:2      | Reached XP level 3. HP: 25/29 MP: 6/6
  1442 | D:2      | Learned a level 3 spell: Spectral Weapon
  1878 | D:2      | Reached skill level 4 in Long Blades
  1917 | D:3      | Noticed Terence
  1936 | D:2      | Killed Terence
  1936 | D:2      | Reached XP level 4. HP: 28/36 MP: 7/7
  1954 | D:3      | Found a shadowy altar of Dithmenos.
  2166 | D:3      | Reached skill level 5 in Long Blades
  2186 | D:3      | Slain by an orc

Skill      XL: |  1  2  3  4 |
---------------+-------------+-----
Short Blades   | 1 |  1.0
Long Blades    | 3 4 5 |  5.0
Fighting       | |  2.1
Dodging        | |  2.1
Spellcasting   | |  2.0
Charms         | |  2.6

Action                   |  1- 3 |  4- 6 || total
-------------------------+-------+-------++-------
Melee: Dagger            |   149 |    53 ||   202
       Falchion          |     9 |       ||     9
       Tailslap          |    10 |     5 ||    15
  Use: Scroll            |     4 |     1 ||     5
       Potion            |       |     2 ||     2
  Eat: Chunk             |     3 |     1 ||     4
Armor: Skin              |    52 |    26 ||    78
Dodge: Dodged            |   115 |    49 ||   164
       Rpst.: Falchion   |     1 |       ||     1
